 Dungeon Crawl Stone Soup version 0.31-a0-986-g5e6e4ef867 (webtiles) character file.

Game seed: 15217233671710793924

887 AppTheSpectato the Ruffian (level 7, 0/105 HPs)
             Began as a Troll Shapeshifter on Nov 7, 2023.
             Was an Initiate of Fedhas.
             Slain by an ogre
             ... wielding a +0 giant spiked club
              (8 damage)
             ... on level 4 of the Dungeon.
             The game lasted 00:08:15 (3317 turns).

AppTheSpectato the Ruffian (Troll Shapeshifter)     Turns: 3317, Time: 00:08:16

Health: 0/105      AC: 23    Str: 25    XL:     7   Next: 77%
Magic:  6/6        EV:  1    Int:  6    God:    Fedhas [......]
Gold:   294        SH:  0    Dex:  9    Spells: 6/6 levels left

rFire   . .          .
                       - Unarmed
rCold   . . .        (no shield)
rNeg    . . .        a - melded +0 animal skin
rPois   +            (helmet currently unavailable)
rElec   .            (cloak currently unavailable)
rCorr   .            (gloves unavailable)
SInv    .            (boots unavailable)
Will    .....        (no amulet)
Stlth   +            (no ring)
HPRegen 1.17/turn    (no ring)
MPRegen 0.10/turn

%: no passive effects
@: tree-form, weakened
A: stationary, stasis, torment immunity, boosted hp, large, unfitting armour,
(claws 3), regeneration 1, (shaggy fur 1), (tough skin 1)
a: Renounce Religion


You were on level 4 of the Dungeon.
You worshipped Fedhas.
Fedhas was noncommittal.
You were a tree.
You visited 2 branches of the dungeon, and saw 6 of its levels.

You collected 294 gold pieces.

Inventory:

Missiles
 j - 5 curare-tipped darts
Armour
 a - a +0 animal skin (melded)
Talismans
 c - a beast talisman
 d - a flux talisman
Wands
 s - a wand of flame (20)
Scrolls
 i - a scroll of torment {unknown}
 k - a scroll of revelation {unknown}
 n - a scroll of fear {unknown}
 r - a scroll of vulnerability {unknown}
 t - a scroll of teleportation {unknown}
 v - a scroll of immolation {unknown}
 w - a scroll of blinking {unknown}
 x - 2 scrolls of fog {unknown}
Potions
 e - 3 potions of brilliance
 f - a potion of mutation {unknown}
 g - 2 potions of curing
 h - 2 potions of heal wounds
 l - a potion of haste {unknown}
 m - a potion of magic {unknown}
 o - a potion of might {unknown}
 p - 3 potions of attraction {unknown}
 q - a potion of degeneration {unknown}
 u - a potion of ambrosia {unknown}


   Skills:
 + Level 4.2 Fighting
 - Level 1.5 Dodging
 + Level 5.9 Unarmed Combat
 + Level 5.5 Shapeshifting


You had 6 spell levels left.
You didn't know any spells.
Your spell library contained the following spells:

 Spells                   Type           Power      Damage    Failure   Level
 Call Canine Familiar     Summ           0%         N/A       83%         3
 Sigil of Binding         Hex            0%         N/A       83%         3
 Stone Arrow              Conj/Erth      0%         3d7       83%         3
 Animate Armour           Summ/Erth      0%         N/A       99%         4
 Dimensional Bullseye     Hex/Tloc       0%         N/A       99%         4
 Leda's Liquefaction      Hex/Erth       0%         N/A       99%         4
 Lehudib's Crystal Spear  Conj/Erth      0%         10d2      100%        8


Dungeon Overview and Level Annotations

Branches:
Dungeon (5/15)             Temple (1/1) D:5

Altars:
Ashenzari
Cheibriados
Dithmenos
Fedhas
Kikubaaqudgha
Nemelex Xobeh
Sif Muna
Wu Jian
Yredelemnul

Shops:
D:4 *


Innate Abilities, Weirdness & Mutations

You are a tree.
Your roots penetrate the ground, keeping you stationary.
You cannot be teleported.
You are immune to unholy pain and torment.
Your maximum health is greatly increased.
Your equipment is partially melded.
You are too large for most types of armour.
((You have claws for hands.))
Your natural rate of healing is unusually fast.
((You are covered in fur. (AC +1)))
((You have tough skin. (AC +1)))


Message History

* * * LOW HITPOINT WARNING * * *
Things that are here:
a +0 flail; a gnoll corpse The gnoll bouda gazes fiercely through you!
You feel as though you will be weak longer.
The gnoll bouda attacks as it pursues you!
The gnoll bouda hits you with a +0 club.
* * * LOW HITPOINT WARNING * * *
You feel much better.
The gnoll bouda mumbles some strange prayers to its god.
The gnoll bouda is healed somewhat.
You barely miss the gnoll bouda.
The gnoll bouda is heavily wounded.
You scratch the gnoll bouda but do no damage.
The gnoll bouda is heavily wounded.
The gnoll bouda hits you but does no damage.
You barely miss the gnoll bouda.
The gnoll bouda is heavily wounded.
You completely miss the gnoll bouda.
The gnoll bouda is heavily wounded.
The gnoll bouda gazes fiercely through you!
You feel as though you will be weak longer.
The gnoll bouda hits you with a +0 club!
The ogre hits you with a +0 giant spiked club!
* * * LOW HITPOINT WARNING * * *
It was a potion of curing.
You feel better. The gnoll bouda closely misses you.
Your transformation has ended.
You turn into a tree.
Your +0 animal skin melds into your body.
Your roots penetrate the ground.
The ogre hits you with a +0 giant spiked club!!
* * * LOW HITPOINT WARNING * * *
The gnoll bouda hits you but does no damage.
Okay, then.
You smack the gnoll bouda!
You kill the gnoll bouda!
Fedhas appreciates your contribution to the ecosystem.
The ogre hits you with a +0 giant spiked club!
You die...
Fedhas appreciates your contribution to the ecosystem.

#.........#.#.##.#
#.........#.#.##.#
#.........#.#.##.##
#.........#........
#.............##.##
#.........#...##.##
#.g..............##
##O##.#......###.## ###
#♣)..##.....# #.##
#.####[#...##....# #.#.
#...)............###.##
#.#.................)..
#.#.##.##.####...#.#.##
#.#.##.................
#.#.##......##.........
#.#.##......##.........
#.#.##......##...###...


You could see an ogre and a gnoll (swift).

Vanquished Creatures
  Duvessa (D:4)
  Blork the orc (D:4)
  A bullfrog (D:4)
  2 scorpions (D:4)
  Dowan (D:4)
  An orc priest (D:4)
  A gnoll bouda (D:4)
  3 iguanas (D:4)
  Natasha (thrice) (D:4)
  Terence (D:2)
  An orc wizard (D:4)
  10 gnolls
  6 adders
  2 ufetubi (D:4)
  3 worms (D:2)
  5 dart slugs
  6 orcs
  8 endoplasms
  A giant cockroach (D:4)
  3 goblins
  3 hobgoblins (D:1)
  2 jackals (D:1)
  3 quokkas
  6 ball pythons
  6 bats
  3 frilled lizards
  8 kobolds
  6 rats
97 creatures vanquished.

Notes
Turn   | Place    | Note
-------+----------+-------------------------------------------
     0 | D:1      | AppTheSpectato the Troll Shapeshifter began the quest for
                  | the Orb.
     0 | D:1      | Reached XP level 1. HP: 18/18 MP: 0/0
   409 | D:1      | Reached skill level 1 in Fighting
   520 | D:1      | Reached XP level 2. HP: 27/27 MP: 1/1
   973 | D:2      | Reached XP level 3. HP: 33/33 MP: 2/2
  1038 | D:2      | Noticed Terence
  1054 | D:2      | Killed Terence
  1055 | D:2      | Reached XP level 4. HP: 22/42 MP: 3/3
  1432 | D:2      | Reached XP level 5. HP: 46/50 MP: 4/4
  2091 | D:4      | Reached XP level 6. HP: 61/61 MP: 5/5
  2315 | D:4      | Reached skill level 5 in Unarmed Combat
  2377 | D:4      | Found Qiseosk's Assorted Antiques.
  2385 | D:4      | Noticed Dowan
  2387 | D:4      | Noticed Duvessa
  2501 | D:4      | Noticed Blork the orc
  2505 | D:4      | Killed Dowan
  2506 | D:4      | Reached XP level 7. HP: 51/67 MP: 6/6
  2510 | D:4      | Killed Blork the orc
  2511 | D:4      | Reached skill level 5 in Shapeshifting
  2577 | D:4      | Killed Duvessa
  2735 | D:4      | Noticed Natasha
  2754 | D:4      | Killed Natasha
  3062 | D:4      | Noticed Natasha
  3067 | D:4      | Killed Natasha
  3094 | D:5      | Entered Level 5 of the Dungeon
  3101 | D:5      | Found a staircase to the Ecumenical Temple.
  3109 | Temple   | Entered the Ecumenical Temple
  3142 | Temple   | Became a worshipper of Fedhas Madash
  3251 | D:4      | Noticed Natasha
  3261 | D:4      | Killed Natasha
  3317 | D:4      | Slain by an ogre

Illustrated notes

Levels and vault maps discovered:
D:1:      mrwooster_arrival_statue, layout_basic
D:2:      layout_rooms, uniq_terence
D:3:      layout_rooms, grunt_decor_one_mirror, corexii_corridor_pit,
          minmay_bisected
D:4:      layout_basic, serial_shops, shop, uniq_duvessa, uniq_natasha,
          uniq_blork_the_orc
D:5:      minmay_razor_zed, layout_cave_pools, minmay_temple_entry_glass,
          ebering_ghost_gozag, minmay_mini_ossuary
Temple:   kb_temple_of_zot

Skill      XL: |  1  2  3  4  5  6  7 |
---------------+----------------------+-----
Fighting       | 1 2 3 4 |  4.2
Unarmed Combat | 4 5 |  5.9
Shapeshifting  | 4 5 |  5.5
Dodging        | |  1.5

Action                     |  1- 3 |  4- 6 |  7- 9 || total
---------------------------+-------+-------+-------++-------
  Melee: Unarmed           |    71 |   113 |    69 ||   253
         Punch             |     1 |     3 |     2 ||     6
    Use: Scroll            |       |     2 |       ||     2
         Potion            |       |       |     3 ||     3
   Stab: Sleeping          |     1 |     1 |       ||     2
 Armour: Animal skin       |    51 |    74 |    68 ||   193
         Skin              |       |       |     3 ||     3
  Dodge: Dodged            |    29 |    33 |    41 ||   103

Table legend: (Time is in decaauts)
 A = Elapsed time spent in this place.
 B = Non-inter-level travel time spent in this place.
 C = Inter-level travel time spent in this place.
 D = Time resting spent in this place.
 E = Time spent auto-exploring this place.
 F = Levels seen in this place.
 G = Mean time per level.
                   A        B        C        D        E       F      G
               +--------+--------+--------+--------+--------+-----+--------+
         Total |   3313 |   3017 |    296 |    102 |   2312 |   6 |  552.2 |
       Dungeon |   3248 |   3013 |    235 |    102 |   2312 |   5 |  649.6 |
        Temple |     64 |      3 |     61 |      0 |      0 |   1 |   64.0 |
               +--------+--------+--------+--------+--------+-----+--------+

Top non-repeatable levels by time:
     D:4: 1173 daAuts
     D:1: 1002 daAuts
     D:2: 532 daAuts
     D:3: 447 daAuts
     D:5: 92 daAuts
  Temple: 64 daAuts
